 Dungeon Crawl Stone Soup version 0.30-a0-347-gf58ed5266c (webtiles) character file.

Game seed: 10478978858861099213

5419 HoaS the Markskobold (level 10, -1/63 HPs)
             Began as a Kobold Hunter on Nov 5, 2022.
             Was an Elder of Okawaru.
             Slain by an orc warrior
             ... wielding a +0 scimitar
             ... summoned by a spriggan
              (10 damage)
             ... in a bailey.
             The game lasted 00:15:59 (8824 turns).

HoaS the Markskobold (Kobold Hunter)                Turns: 8824, Time: 00:15:59

Health: -1/63      AC: 11    Str:  9    XL:     10   Next: 99%
Magic:  14/14      EV: 20    Int: 11    God:    Okawaru [****..]
Gold:   372        SH:  0    Dex: 22    Spells: 9/9 levels left

rFire   . . .      SeeInvis .    a - +3 shortbow
rCold   . . .      Faith    .    (shield currently unavailable)
rNeg    . . .      Spirit   .    k - +0 steam dragon scales
rPois   .          Reflect  .    l - +1 helmet
rElec   .          Harm     .    c - scarf {repulsion}
rCorr   .          Rampage  .    m - +1 pair of gloves
Will    .....                    q - +1 pair of boots
Stlth   +++.......               u - amulet of the acrobat
HPRegen 0.30/turn                (no ring)
MPRegen 0.14/turn                (no ring)

@: repel missiles
A: small, no large weapons, nightstalker 3
a: Renounce Religion, Heroism, Finesse


You were in a bailey.
You worshipped Okawaru.
Okawaru was greatly pleased with you.
You visited 2 branches of the dungeon, and saw 9 of its levels.
You also visited: Bailey.

You collected 547 gold pieces.
You spent 175 gold pieces at shops.

Inventory:

Hand Weapons
 a - a +3 shortbow (weapon)
Armour
 c - a scarf of repulsion (worn)
 k - +0 steam dragon scales (worn)
 l - a +1 helmet (worn)
 m - a +1 pair of gloves (worn)
 q - a +1 pair of boots (worn)
Jewellery
 i - a ring of ice
 u - an amulet of the acrobat (around neck)
Wands
 h - a wand of flame (4)
Scrolls
 b - 3 scrolls of immolation
 e - 7 scrolls of teleportation
 f - 3 scrolls of identify
 p - 2 scrolls of noise
 t - a scroll of fog
Potions
 d - a potion of berserk rage
 g - 5 potions of curing
 j - a potion of flight
 n - 3 potions of mutation
 o - a potion of attraction
 r - a potion of resistance
 s - 2 potions of heal wounds
 w - a potion of cancellation


   Skills:
 * Level 7.0 Fighting
 - Level 16.0 Ranged Weapons
 * Level 7.6 Dodging
 - Level 1.3 Stealth
 + Level 5.5 Invocations


You had 9 spell levels left.
You didn't know any spells.
Your spell library was empty.

Dungeon Overview and Level Annotations

Branches:
Dungeon (8/15)             Temple (1/1) D:6          Bailey (1/1)
   Lair: D:8-11

Altars:
Ashenzari
Cheibriados
Dithmenos
Elyvilon
Fedhas
Gozag
Hepliaklqana
Kikubaaqudgha
Makhleb
Nemelex Xobeh
Okawaru
Qazlal
Sif Muna
Trog
Uskayaw
Vehumet
Wu Jian
Xom
Yredelemnul
Zin
The Shining One

Shops:
D:4 ?   D:7 :   D:8 **

Annotations:
D:5 Tenar's ghost, novice BaEE


Innate Abilities, Weirdness & Mutations

You are small and have problems with some larger weapons.
You are completely attuned to the shadows.


Message History

Press: ? - help, Q - select action, (/) - cycle Shift-Dir - straight line You shoot an arrow.
The arrow hits the orc.
The orc is severely wounded.
The orc warrior shoots a bolt.
The bolt hits you. Something misses you.
The orc priest invokes the aid of Beogh against you.
Beogh smites you!
The orc warrior shoots a bolt.
The bolt closely misses you. Something barely misses you.
You shoot an arrow. Something hits you.
You shoot an arrow. The arrow closely misses the orc.
The arrow hits the orc priest!
The orc priest is almost dead.
You shoot an arrow. The orc warrior unwields a +0 arbalest.
The orc warrior wields a +0 war axe.
The orc warrior completely misses you. Something closely misses you.
You shoot an arrow.
The orc priest calls upon Beogh to heal the orc.
The orc's wounds heal themselves!
Something closely misses you.
You shoot an arrow. You shoot an arrow. The arrow hits the orc.
The orc is moderately wounded.
Something hits you. The orc warrior closely misses you.
You shoot an arrow. Something barely misses you.
The orc warrior hits you but does no damage.
You shoot an arrow.
The orc warrior hits you but does no damage.
Something hits you.
You shoot an arrow.
The arrow completely misses the orc priest.
The orc warrior misses you.
You shoot an arrow.
The orc priest mumbles some strange prayers to Beogh against you.
Beogh smites you!
* * * LOW HITPOINT WARNING * * *
The orc warrior misses you. Something hits you but does no damage.
The orc warrior hits you but does no damage.
You shoot an arrow.
The arrow closely misses the orc priest.
The orc priest begins to cast a cantrip, but forgets the words!
The orc warrior hits you with a +0 scimitar!
You die... #### ....## ..)..## ♣.o## # ##@o## # ##{o## ## #ooo#

~~~..#
#o..#
~~~..#
.#~..#
~~~..#
.~~..#
~~~..♣
♣.#~..#
~~~..#
♣.#...#
###..#♣
♣...#


You could see 2 orc warriors, 2 orc priests and 3 orcs.

Vanquished Creatures
  Maggie (D:7)
  A spriggan (Bailey)
  12 yaks
  Eustachio (D:6)
  Menkaure (D:5)
  A water moccasin (D:8)
  An acid dragon (D:6)
  2 ice beasts (D:7)
  A sky beast (D:6)
  3 black bears
  8 ogres
  A centaur (D:6)
  A kobold brigand (D:7)
  3 bullfrogs
  A gnoll sergeant (D:4)
  3 necrophages
  6 wights (D:7)
  A killer bee (D:7)
  A howler monkey (D:6)
  A gnoll bouda (D:4)
  2 orc priests
  3 hounds
  3 iguanas
  3 orc wizards (D:7)
  4 adders
  12 gnolls
  A shadow imp (D:7)
  2 white imps
  3 ufetubi
  4 dart slugs (D:1)
  26 orcs
  4 ball pythons
  7 endoplasms
  4 giant cockroaches
  5 goblins
  5 hobgoblins
  10 kobolds
  3 quokkas
  3 bats
  2 frilled lizards
  7 rats
163 creatures vanquished.

Vanquished Creatures (others)
  A gnoll (D:5)
1 creature vanquished.

Grand Total: 164 creatures vanquished

Notes
Turn   | Place    | Note
-------+----------+-------------------------------------------
     0 | D:1      | HoaS the Kobold Hunter began the quest for the Orb.
     0 | D:1      | Reached XP level 1. HP: 12/12 MP: 1/1
    49 | D:1      | You fall into a shaft and drop 1 floor!
    64 | D:2      | Reached skill level 6 in Ranged Weapons
    64 | D:2      | Reached XP level 2. HP: 14/17 MP: 2/2
   378 | D:1      | Reached XP level 3. HP: 21/21 MP: 3/3
   634 | D:1      | Reached skill level 7 in Ranged Weapons
   640 | D:1      | Reached XP level 4. HP: 19/26 MP: 4/4
  1482 | D:3      | Reached XP level 5. HP: 30/30 MP: 5/5
  1704 | D:3      | Reached skill level 8 in Ranged Weapons
  1749 | D:3      | Noticed a floating eye
  1763 | D:3      | Found a faded altar of an unknown god.
  1763 | D:3      | Noticed a floating eye
  1775 | D:3      | Noticed a floating eye
  1815 | D:3      | Noticed an eye of devastation
  2274 | D:3      | Found an ornate altar of the Wu Jian Council.
  2274 | D:3      | Found a sparkling altar of Nemelex Xobeh.
  2341 | D:3      | Found a stormy altar of Qazlal.
  2488 | D:4      | Noticed a bullfrog
  2517 | D:3      | HP: 1/30 [kobold/+0 short sword (4)]
  2518 | D:3      | Killed a bullfrog
  2519 | D:3      | Reached skill level 9 in Ranged Weapons
  2519 | D:3      | Reached XP level 6. HP: 1/35 MP: 6/6
  2763 | D:4      | Found Suruw's Magic Scroll Shoppe.
  3216 | D:4      | Bought a scroll of identify for 22 gold pieces
  3216 | D:4      | Bought a scroll of teleportation for 33 gold pieces
  3335 | D:4      | Noticed a black bear
  3342 | D:4      | Killed a black bear
  3343 | D:4      | Reached skill level 10 in Ranged Weapons
  3343 | D:4      | Reached XP level 7. HP: 40/40 MP: 7/7
  3826 | D:4      | Reached skill level 11 in Ranged Weapons
  3939 | D:4      | Found a shimmering altar of Xom.
  4009 | D:5      | Entered Level 5 of the Dungeon
  4306 | D:5      | Reached XP level 8. HP: 44/44 MP: 8/8
  4312 | D:5      | Found an ancient bone altar of Kikubaaqudgha.
  4472 | D:5      | Noticed Menkaure
  4477 | D:5      | Killed Menkaure
  4478 | D:5      | Reached skill level 12 in Ranged Weapons
  4524 | D:5      | Found a runed translucent door.
  4584 | D:5      | Found a blossoming altar of Fedhas.
  4584 | D:5      | Found a snail-covered altar of Cheibriados.
  5436 | D:5      | Noticed Tenar's ghost (novice BaEE)
  5516 | D:6      | Reached skill level 13 in Ranged Weapons
  5585 | D:6      | Found a staircase to the Ecumenical Temple.
  5601 | Temple   | Entered the Ecumenical Temple
  5858 | Temple   | Became a worshipper of Warmaster Okawaru
  5918 | D:6      | Noticed Eustachio
  5930 | D:6      | Killed Eustachio
  5931 | D:6      | Reached skill level 1 in Invocations
  6113 | D:6      | Noticed a yak
  6113 | D:6      | Noticed a yak
  6143 | D:7      | Reached skill level 14 in Ranged Weapons
  6143 | D:7      | Reached XP level 9. HP: 42/48 MP: 10/10
  6489 | D:7      | Reached * piety under Okawaru
  6620 | D:7      | Reached skill level 15 in Ranged Weapons
  6700 | D:7      | Found Sism's Self-Improvement Boutique.
  6931 | D:7      | Noticed Maggie
  6962 | D:7      | Killed Maggie
  6963 | D:7      | Reached skill level 16 in Ranged Weapons
  6969 | D:7      | Reached ** piety under Okawaru
  7018 | D:7      | Reached XP level 10. HP: 40/56 MP: 12/12
  7548 | D:7      | Reached skill level 5 in Dodging
  7697 | D:7      | Reached skill level 5 in Fighting
  7980 | D:6      | Found a bloodstained altar of Trog.
  8148 | D:6      | Identified the +3 spear of Excruciating Pain {venom, rF+
                  | Will+ Dex-5}
  8420 | D:8      | Found Ofrenati's Assorted Antiques.
  8431 | D:8      | Found Qeont's General Store.
  8446 | D:8      | Bought a potion of heal wounds for 60 gold pieces
  8446 | D:8      | Bought a potion of heal wounds for 60 gold pieces
  8465 | D:8      | Reached *** piety under Okawaru
  8487 | D:8      | Reached skill level 5 in Invocations
  8551 | D:8      | Found a broken altar of Ashenzari.
  8628 | D:8      | Found a white marble altar of Elyvilon.
  8636 | D:8      | Found a flagged portal.
  8652 | Bailey   | Entered a bailey
  8795 | Bailey   | Reached **** piety under Okawaru
  8803 | Bailey   | Identified the +10 swamp dragon scales of Limited Liability
                  | {Harm rPois rC+ rN+ Will- Str+4}
  8824 | Bailey   | Slain by an orc warrior

Illustrated notes

Levels and vault maps discovered:
D:1:      saegor_arrival_simple_e, layout_loops_ring, minmay_small_reverse_x
D:2:      layout_loops_ring
D:3:      layout_loops_corners, gammafunk_temple_overflow_pools,
          mainiacjoe_overflow_surrounded_room,
          hellmonk_ecumenical_altar_watching_god
D:4:      layout_cave_pods, mainiacjoe_overflow_brackets, serial_shops,
          nicolae_shop_statue_plus, nrook_loot_triangle, lightli_minifort
D:5:      layout_gridville, nicolae_overflow_two_pavilions, old_standard_altar,
          ebering_ghost_reflecting_pool, uniq_menkaure
D:6:      layout_loops_ring, lightli_temple_of_fire, minmay_temple_entry_ruins,
          uniq_eustachio
D:7:      kennysheep_six_static_rooms, layout_loops_corners,
          nicolae_shop_self_help, uniq_maggie
D:8:      layout_loops_cross, elyvilon_altar_5, overflow_temple_1_default,
          nicolae_ashenzari_skybound, serial_shops, nicolae_diamond_shop,
          nicolae_shop_trees, shop, nicolae_shop_statue_plus, enter_bailey_4
Temple:   nicolae_temple_bog_church
Bailey:   bailey_polearm_enchanted_keep_hellmonk, bailey

Skill      XL: |  1  2  3  4  5  6  7  8  9 10 |
---------------+-------------------------------+-----
Ranged Weapons | 6 7 9 10 11 14 16 | 16.0
Invocations    | 2 3 5 |  5.5
Dodging        | 4 7 |  7.6
Fighting       | 3 7 |  7.0
Stealth        | |  1.3

Action                   |  1- 3 |  4- 6 |  7- 9 | 10-12 || total
-------------------------+-------+-------+-------+-------++-------
 Fire: Shortbow          |    67 |   134 |   296 |   211 ||   708
Invok: Heroism           |       |       |     1 |       ||     1
  Use: Scroll            |       |    12 |     9 |     1 ||    22
       Potion            |       |     1 |     2 |       ||     3
Armor: Leather armour    |    13 |    40 |    43 |       ||    96
       Steam dragon scal |       |       |     1 |    28 ||    29
Dodge: Dodged            |    28 |    93 |   111 |    66 ||   298
       Repelled          |       |       |       |     1 ||     1
Block: Other             |       |       |    29 |    15 ||    44

Table legend: (Time is in decaauts)
 A = Elapsed time spent in this place.
 B = Non-inter-level travel time spent in this place.
 C = Inter-level travel time spent in this place.
 D = Time resting spent in this place.
 E = Time spent auto-exploring this place.
 F = Levels seen in this place.
 G = Mean time per level.
                   A        B        C        D        E       F      G
               +--------+--------+--------+--------+--------+-----+--------+
         Total |   8779 |   8420 |    359 |   1259 |   5945 |  10 |  877.9 |
       Dungeon |   8342 |   8011 |    331 |   1189 |   5663 |   8 | 1042.8 |
        Temple |    278 |    251 |     27 |      0 |    237 |   1 |  278.0 |
        Bailey |    158 |    158 |      0 |     70 |     45 |   1 |  158.0 |
               +--------+--------+--------+--------+--------+-----+--------+

Top non-repeatable levels by time:
     D:7: 1689 daAuts
     D:4: 1510 daAuts
     D:5: 1394 daAuts
     D:3: 1133 daAuts
     D:6: 860 daAuts
     D:1: 787 daAuts
     D:2: 711 daAuts
  Temple: 278 daAuts
     D:8: 255 daAuts
  Bailey: 158 daAuts
